 Dungeon Crawl Stone Soup version 0.30.1-9-gdf580d7c3d (webtiles) character file.

Game seed: 4444394121525891930

16001 monsoonserge the Skirmisher (level 13, -7/114 HPs)
             Began as a Meteoran Monk on Oct 18, 2023.
             Was a Plaything of Xom.
             Mangled by a six-headed hydra (11 damage)
             ... on level 3 of the Lair of Beasts.
             The game lasted 00:52:36 (5383 turns).

monsoonserge the Skirmisher (Meteoran Monk)         Turns: 5383, Time: 00:52:38

Health: -7/114     AC:  8    Str: 14    XL:     13   Next: 1%
Magic:  0/18       EV: 22    Int: 12    God:    Xom [*.....]
Gold:   558        SH:  6    Dex: 21    Spells: 16/18 levels left

rFire   + . .        v - +7 sling of the Radish {flame, rPois rC- Will+++ Stlth-}
rCold   + + .        y - +0 buckler
rNeg    . . .        e - +1 leather armour {rC+}
rPois   +            (no helmet)
rElec   .            J - +0 cloak
rCorr   .            (no gloves)
SInv    .            a - +0 pair of boots
Will    +++++        N - amulet of Muraudoyn {Spirit rPois Will+ Slay+6}
Stlth   +            b - +5 ring of evasion
HPRegen 0.39/turn    P - ring "Uniubbak" {rF+ rC+ Str+2 Dex-2}
MPRegen 0.16/turn

%: guardian spirit
@: mighty, lethally poisoned (-7 -> -14), about to teleport, glowing, studying
Armour
A: sense surroundings 2, otherworldly, glowing, explore regen, cold resistance
1, mutation resistance 1
a: Renounce Religion


You were on level 3 of the Lair of Beasts.
You worshipped Xom.
You were a special plaything of Xom.
You visited 3 branches of the dungeon, and saw 14 of its levels.
You also visited: Sewer and Ossuary.

You collected 558 gold pieces.

Inventory:

Hand Weapons
 v - the +7 sling of the Radish (weapon) {flame, rPois rC- Will+++ Stlth-}
   (You found it on level 4 of the Dungeon)

   rC:        It makes you vulnerable to cold.
   rPois:     It protects you from poison.
   Will:      It greatly increases your willpower.
   Stlth:     It makes you less stealthy.
Missiles
 m - 6 javelins
 M - 3 silver javelins
 R - 8 poisoned darts
 X - 2 throwing nets
Armour
 a - a +0 pair of boots (worn)
 e - a +1 leather armour of cold resistance (worn)
 y - a +0 buckler (worn)
 J - a +0 cloak (worn)
 W - the +3 Mad Mage's Maulers {Infuse+∞ VampMP -Cast}
   (You found it on level 2 of the Lair of Beasts)

   Infuse+∞: It empowers its wearer's blows with all of their magic.
   VampMP:    Blows struck in melee replenish the wearer's magic.
   -Cast:     It prevents spellcasting.
Jewellery
 b - a +5 ring of evasion (left hand)
 N - the amulet of Muraudoyn (around neck) {Spirit rPois Will+ Slay+6}
   (You took it off a kobold demonologist on level 7 of the Dungeon)

   [amulet of guardian spirit]

   It causes incoming damage to be divided between your reserves of health and
   magic.
   Slay:      It affects your accuracy & damage with ranged weapons and melee
   (+6).
   rPois:     It protects you from poison.
   Will:      It increases your willpower.
 O - the ring "Cotela" {*Corrode rC+ AC+4 Str+3 Int+4}
   (You took it off a kobold demonologist on level 7 of the Dungeon)

   [ring of protection]

   AC:        It affects your AC (+4).
   Str:       It affects your strength (+3).
   Int:       It affects your intelligence (+4).
   rC:        It protects you from cold.
   *Corrode:  It may corrode you when you take damage.
 P - the ring "Uniubbak" (right hand) {rF+ rC+ Str+2 Dex-2}
   (You found it on level 7 of the Dungeon)

   [ring of protection from cold]

   Str:       It affects your strength (+2).
   Dex:       It affects your dexterity (-2).
   rF:        It protects you from fire.
   rC:        It protects you from cold.
 Q - the ring "Sunefun" {Fire rElec rN+ Int-3 Dex+2}
   (You found it on level 7 of the Dungeon)

   [ring of fire]

   It enhances your fire magic.
   Int:       It affects your intelligence (-3).
   Dex:       It affects your dexterity (+2).
   rF:        It protects you from fire.
   rC:        It makes you vulnerable to cold.
   rElec:     It insulates you from electricity.
   rN:        It protects you from negative energy.
 T - a ring of protection from fire
 V - a ring of poison resistance
 Z - a +5 ring of evasion
Wands
 p - a wand of flame (12)
 u - a wand of digging (5)
 K - a wand of iceblast (3)
 L - a wand of polymorph (11)
Scrolls
 f - a scroll of acquirement {unknown}
 h - 6 scrolls of fog
 i - 2 scrolls of teleportation
 l - 2 scrolls of immolation
 n - 3 scrolls of fear {unknown}
 o - 4 scrolls of enchant armour
 t - a scroll of noise {unknown}
 w - a scroll of magic mapping {unknown}
 z - a scroll of torment {unknown}
 D - 3 scrolls of enchant weapon
 F - 2 scrolls of brand weapon
 G - a scroll of amnesia {unknown}
 H - a scroll of silence {unknown}
 I - 2 scrolls of poison
Potions
 c - a potion of ambrosia
 d - a potion of cancellation {unknown}
 g - 3 potions of lignification
 j - 7 potions of curing
 k - a potion of heal wounds {unknown}
 q - 2 potions of brilliance
 r - 3 potions of might
 s - 2 potions of berserk rage
 x - 2 potions of attraction
 A - a potion of haste {unknown}
 B - 2 potions of magic
 C - 2 potions of flight
 E - a potion of degeneration {unknown}
 U - a potion of experience {unknown}
 Y - a potion of resistance {unknown}
Miscellaneous
 S - a piece from Xom's chessboard (14/15)


   Skills:
 + Level 10.4 Fighting
 - Level 4.8 Long Blades
 - Level 14.0 Ranged Weapons
 + Level 10.9 Armour
 + Level 8.1 Dodging
 + Level 1.5 Stealth
 + Level 5.8 Shields
 - Level 3.0 Spellcasting
 - Level 4.0 Translocations
 + Level 2.0 Evocations


You had 16 spell levels left.
You knew the following spells:

 Your Spells              Type           Power      Damage    Failure   Level
a - Blink                 Tloc           22%        N/A       11%         2

Your spell library contained the following spells:

 Spells                   Type           Power      Damage    Failure   Level
 Summon Small Mammal      Summ           4%         N/A       36%         1
 Portal Projectile        Hex/Tloc       12%        N/A       45%         3
 Ensorcelled Hibernation  Hex/Ice        2%         N/A       50%         2
 Sublimation of Blood     Necr           1%         N/A       50%         2
 Wereblood                Tmut           1%         N/A       50%         2
 Manifold Assault         Tloc           11%        N/A       58%         4
 Call Canine Familiar     Summ           1%         N/A       75%         3
 Spider Form              Tmut/Pois      1%         N/A       75%         3
 Stone Arrow              Conj/Erth      2%         3d7       75%         3
 Summon Guardian Golem    Hex/Summ       1%         N/A       75%         3
 Anguish                  Hex/Necr       0%         N/A       98%         4
 Animate Armour           Summ/Erth      2%         N/A       98%         4
 Leda's Liquefaction      Hex/Erth       0%         N/A       98%         4
 Storm Form               Tmut/Air       0%         N/A       100%        7
 Summon Hydra             Summ           0%         N/A       100%        7
 Lehudib's Crystal Spear  Conj/Erth      0%         10d2      100%        8


Dungeon Overview and Level Annotations

Branches:
Dungeon (10/15) Zot: 1853  Temple (1/1) D:5 Zot: 569    Lair (3/5) D:8 Zot: 935
 Spider (0/4) Lair:3        Sewer (visited)         Ossuary (visited)
  Swamp: Lair:2-3    Shoals: Lair:2-3       Orc: D:9-12

Altars:
Ashenzari
Cheibriados
Dithmenos
Elyvilon
Fedhas
Gozag
Hepliaklqana
Kikubaaqudgha
Makhleb
Nemelex Xobeh
Okawaru
Qazlal
Ru
Sif Muna
Trog
Uskayaw
Vehumet
Wu Jian
Xom
Yredelemnul
Zin
The Shining One

Annotations:
D:7 2 runed translucent doors
D:10 Amaemon, Fannar, Sonja


Innate Abilities, Weirdness & Mutations

You passively map the area around you.
You are easily found by Zot.
You glow in the dark.
You regain HP and MP as you explore.
Your flesh is cold resistant. (rC+)
You are somewhat resistant to further mutation.


Message History

You shoot a sling bullet.
The sling bullet hits the water moccasin.
The sling bullet burns the water moccasin.
The water moccasin is severely wounded.
You block the water moccasin's attack. The cane toad completely misses you.
Fire: v) +7 sling of the Radish {flame, rPois rC- Will+++ Stlth-}
Press: ? - help, Q - select action, (/) - cycle Shift-Dir - straight line, p - water moccasin
Aim: Disturbance You shoot a sling bullet.
You block the water moccasin's attack. Something bites you but does no damage.
Something bites you. Something bites you! Something barely misses you.
Something bites you! Something misses you. The cane toad stings you.
You are poisoned.
The cane toad poisons you!
The water moccasin completely misses you.
As you read the scroll of teleportation, it crumbles to dust.
You feel strangely unstable.
You feel stable enough to blink again.
You feel very sick.
The cane toad stings you but does no damage.
You block the water moccasin's attack. Something bites you!
* * * LOW HITPOINT WARNING * * *
Something bites you.
* * * LOW HITPOINT WARNING * * *
Something barely misses you. Something bites you!
* * * LOW HITPOINT WARNING * * *
You emit a cloud of colourful smoke!
Something bites you.
* * * LOW HITPOINT WARNING * * *
Something bites you.
* * * LOW HITPOINT WARNING * * *
Unknown command.
It was a potion of might.
You feel very mighty all of a sudden.
* * * LOW HITPOINT WARNING * * *
You feel very sick. You block the water moccasin's attack.
The cane toad barely misses you. Something bites you!
You die...
Xom chuckles heartily!

........##..#~#~≈≈~.## ,
............#~~~≈≈~P.##
#...........~~~≈≈~~...#
.......P....^~~≈≈~..P#
.............~≈≈~~#.## #
, , ,
.............~≈≈~..#.#..
,
........#...~~≈≈~......#,
*,
.......<....~≈≈{§§......
............~≈≈S@.....#
**
......>.....~≈≈~F§...#..
, ........[...~≈≈~.#...#*
*
..#,........~≈≈~~.......
* , ..#
......#.~~≈≈~......# , ,
..#.. ,,.....~≈≈~.......
, ..... ....~≈≈~~~..... ,
* * ......
,,....~~≈≈~~.........##*
* ....... ~~ , . .....*


You could see a cane toad and a water moccasin.

Vanquished Creatures
  Harold (Lair:2)
  A fire crab (Lair:1)
  A skyshark (Lair:1)
  A pharaoh ant (Lair:3)
  3 elephants (Lair:2)
  4 cane toads
  3 rime drakes
  An orange demon (D:10)
  2 kobold demonologists (D:7)
  5 komodo dragons
  A troll (D:7)
  A polar bear (Lair:2)
  A tarantella (Lair:3)
  A merfolk (D:7)
  3 blink frogs (Lair:1)
  A jumping spider (Lair:3)
  A wraith (D:7)
  A wyvern (Lair:2)
  11 yaks
  A steam dragon (D:7)
  5 water moccasins
  A sky beast (D:6)
  2 orc warriors
  A black bear (Lair:1)
  5 ogres
  3 wolves (Lair:3)
  A boggart (D:8)
  6 centaurs
  A phantom (D:4)
  2 kobold brigands
  A gnoll sergeant (D:9)
  11 bullfrogs
  5 scorpions
  5 wights
  A water moccasin zombie (Ossuary)
  2 howler monkeys
  2 bullfrog zombies (Ossuary)
  2 centaur zombies (Ossuary)
  A human zombie (Ossuary)
  5 orc priests
  Crazy Yiuf (D:6)
  A gnoll bouda (D:6)
  5 hounds
  A hell rat (Sewer)
  7 orc wizards
  2 scorpion zombies (Ossuary)
  2 ogre zombies (Ossuary)
  6 gnolls
  7 adders
  2 river rats (Sewer)
  A white imp (D:7)
  3 ufetubi
  6 adder zombies (Ossuary)
  A worm (D:3)
  A dart slug (D:4)
  39 orcs
  3 endoplasms
  3 giant cockroaches (D:4)
  5 goblins
  8 hobgoblins
  3 jackals (D:1)
  12 kobolds
  A quokka (D:5)
  3 ball pythons
  5 bats
  A frilled lizard (D:1)
  A goblin zombie (Ossuary)
  4 hobgoblin zombies (Ossuary)
  3 orc zombies (Ossuary)
  10 rats
253 creatures vanquished.

Vanquished Creatures (collateral kills)
  A slime creature (D:7)
  A vampire mosquito (D:7)
2 creatures vanquished.

Grand Total: 255 creatures vanquished

Notes
Turn   | Place    | Note
-------+----------+-------------------------------------------
     0 | D:1      | monsoonserge the Meteoran Monk began the quest for the Orb.
     0 | D:1      | Reached XP level 1. HP: 19/19 MP: 2/2
    96 | D:1      | Reached XP level 2. HP: 26/26 MP: 3/3
   166 | D:1      | Found a faded altar of an unknown god.
   173 | D:1      | Prayed at the altar of an unknown god.
   173 | D:1      | Became a worshipper of Xom of Chaos
   334 | D:1      | XOM: silly message
   497 | D:1      | Glimpsed the power of Zot.
   601 | D:2      | Found a shimmering altar of Xom.
   641 | D:2      | Reached XP level 3. HP: 31/31 MP: 4/4
   679 | D:2      | XOM: silly message
  1089 | D:3      | XOM: divination: magic mapping
  1291 | D:3      | Reached XP level 4. HP: 33/40 MP: 5/5
  1300 | D:3      | Reached skill level 1 in Armour
  1403 | D:4      | Identified the +7 sling of the Radish {flame, rPois rC-
                  | Will+++ Stlth-}
  1411 | D:4      | Reached XP level 5. HP: 46/46 MP: 6/6
  1419 | D:4      | Noticed a phantom
  1426 | D:4      | Killed a phantom
  1427 | D:4      | Reached skill level 1 in Ranged Weapons
  1427 | D:4      | Reached XP level 6. HP: 47/52 MP: 7/7
  1458 | D:4      | Found a snail-covered altar of Cheibriados.
  1470 | D:4      | Found an iron altar of Okawaru.
  1474 | D:4      | Found a basalt altar of Yredelemnul.
  1482 | D:4      | Noticed a centaur
  1486 | D:4      | Noticed a centaur
  1487 | D:4      | XOM: potion effect (haste)
  1492 | D:4      | Killed a centaur
  1493 | D:4      | Reached skill level 2 in Ranged Weapons
  1494 | D:4      | Killed a centaur
  1495 | D:4      | Reached XP level 7. HP: 18/60 MP: 8/8
  1501 | D:4      | Found an ancient bone altar of Kikubaaqudgha.
  1503 | D:4      | Found a hide-covered altar of Uskayaw.
  1524 | D:4      | Reached skill level 3 in Ranged Weapons
  1529 | D:4      | XOM: 1-stop teleportation journey
  1687 | D:4      | Found a glowing drain.
  1691 | Sewer    | Entered a sewer
  1911 | D:5      | Entered Level 5 of the Dungeon
  1914 | D:5      | Reached skill level 4 in Ranged Weapons
  1915 | D:5      | XOM: smoke on damage
  1958 | D:5      | Reached skill level 5 in Armour
  1958 | D:5      | Reached XP level 8. HP: 33/67 MP: 9/9
  1991 | D:5      | Reached skill level 5 in Fighting
  1991 | D:5      | Reached skill level 5 in Ranged Weapons
  1992 | D:5      | XOM: summons 1 hostile demon
  2020 | D:5      | XOM: smoke on damage
  2040 | D:5      | Found a sand-covered staircase.
  2072 | Ossuary  | Entered an ossuary
  2085 | Ossuary  | Reached skill level 6 in Ranged Weapons
  2108 | Ossuary  | Reached skill level 1 in Shields
  2134 | Ossuary  | XOM: 1-stop teleportation journey
  2193 | Ossuary  | Gained mutation: You passively map the area around you.
                  | [Meteoran growth]
  2193 | Ossuary  | Reached XP level 9. HP: 73/74 MP: 10/10
  2270 | Ossuary  | XOM: noise
  2276 | Ossuary  | Reached skill level 7 in Ranged Weapons
  2277 | Ossuary  | Noticed a silent spectre
  2423 | D:5      | XOM: summons 2 hostile shadow creatures
  2491 | D:5      | Found a stormy altar of Qazlal.
  2520 | D:5      | Found a staircase to the Ecumenical Temple.
  2533 | Temple   | Entered the Ecumenical Temple
  2533 | Temple   | Found a transporter.
  2533 | Temple   | Found a transporter.
  2535 | Temple   | Found a transporter.
  2535 | Temple   | Found a transporter.
  2564 | D:5      | XOM is BORED!
  2564 | D:5      | XOM: noise
  2798 | D:6      | Reached skill level 8 in Ranged Weapons
  2829 | D:6      | Found a sparkling altar of Nemelex Xobeh.
  2868 | D:6      | Reached skill level 5 in Dodging
  2878 | D:6      | Found a runed translucent door.
  2879 | D:6      | Noticed Crazy Yiuf
  2887 | D:6      | Killed Crazy Yiuf
  3027 | D:6      | Found a glowing golden altar of the Shining One.
  3044 | D:6      | XOM: scenery: 1 doors close
  3050 | D:6      | XOM: confuse monster(s)
  3245 | D:7      | Learned a level 2 spell: Blink
  3295 | D:7      | Reached XP level 10. HP: 73/83 MP: 11/11
  3305 | D:7      | Found a glowing silver altar of Zin.
  3319 | D:7      | XOM: potion effect (brilliance)
  3323 | D:7      | Reached skill level 1 in Translocations
  3327 | D:7      | XOM: 5-stop teleportation journey
  3385 | D:7      | Reached skill level 9 in Ranged Weapons
  3456 | D:7      | Found a runed translucent door.
  3456 | D:7      | Found a runed translucent door.
  3456 | D:7      | Noticed a manticore
  3456 | D:7      | Noticed a boulder beetle
  3543 | D:7      | Reached skill level 1 in Spellcasting
  3605 | D:7      | XOM: summons 8 friendly demons
  3606 | D:7      | Reached skill level 10 in Ranged Weapons
  3609 | D:7      | Identified the ring "Cotela" {*Corrode rC+ AC+4 Str+3
                  | Int+4}
  3609 | D:7      | Noticed a kobold demonologist
  3610 | D:7      | Reached skill level 10 in Armour
  3630 | D:7      | Noticed a cyclops
  3637 | D:7      | a cyclops changed into a merfolk
  3637 | D:7      | XOM: polymorph cyclops -> merfolk
  3638 | D:7      | Noticed an orange demon
  3660 | D:7      | You fall into a shaft and drop 3 floors!
  3660 | D:10     | Entered Level 10 of the Dungeon
  3673 | D:10     | Noticed an orange demon
  3674 | D:10     | XOM: cast spell 'Chain of Chaos'
  3677 | D:10     | Noticed Amaemon
  3684 | D:10     | Killed an orange demon
  3686 | D:10     | Noticed Fannar
  3690 | D:10     | Noticed Sonja
  3698 | D:10     | Sonja changed into Sonja the human
  3698 | D:10     | Noticed Sonja
  3698 | D:10     | XOM: polymorph Sonja -> Sonja the human
  3762 | D:8      | XOM: polymorph something unseen -> boggart
  3893 | D:7      | Killed a kobold demonologist
  3893 | D:7      | XOM: 2-stop teleportation journey
  3908 | D:7      | Reached skill level 11 in Ranged Weapons
  3908 | D:7      | Reached skill level 1 in Evocations
  3908 | D:7      | Reached XP level 11. HP: 55/91 MP: 16/16
  3908 | D:7      | Identified the amulet of Muraudoyn {Spirit rPois Will+
                  | Slay+6}
  3950 | D:7      | Identified the ring "Uniubbak" {rF+ rC+ Str+2 Dex-2}
  3954 | D:7      | Identified the ring "Sunefun" {Fire rElec rN+ Int-3 Dex+2}
  4242 | D:8      | Found a staircase to the Lair.
  4361 | D:8      | XOM: summons 5 hostile demons
  4362 | D:8      | Noticed a sixfirhy
  4462 | Lair:1   | Entered Level 1 of the Lair of Beasts
  4510 | Lair:1   | Reached skill level 12 in Ranged Weapons
  4510 | Lair:1   | XOM: scenery: summon butterflies
  4512 | Lair:1   | XOM: 4-stop teleportation journey
  4539 | Lair:1   | a yak changed into a fire crab
  4539 | Lair:1   | Noticed a fire crab
  4539 | Lair:1   | XOM: polymorph yak -> fire crab
  4550 | Lair:1   | Killed a fire crab
  4596 | Lair:1   | Reached skill level 13 in Ranged Weapons
  4817 | Lair:2   | Noticed an elephant
  4817 | Lair:2   | Noticed an elephant
  4818 | Lair:2   | Noticed an elephant
  4841 | Lair:2   | Reached XP level 12. HP: 84/100 MP: 14/17
  4858 | Lair:2   | Noticed Harold
  4863 | Lair:2   | XOM: summons 7 hostile demons
  4868 | Lair:2   | Killed Harold
  4868 | Lair:2   | Found the +3 Mad Mage's Maulers {Infuse+∞ VampMP -Cast}
  4869 | Lair:2   | Reached skill level 14 in Ranged Weapons
  4869 | Lair:2   | Reached skill level 1 in Stealth
  5017 | Lair:2   | XOM: give mutations
  5017 | Lair:2   | Gained mutation: You are agile. (Dex +4, Str/Int -1) [Xom's
                  | mischief]
  5017 | Lair:2   | Gained mutation: You are strong-willed. (Will+) [Xom's
                  | mischief]
  5017 | Lair:2   | Gained mutation: You are robust. (+10% HP) [Xom's mischief]
  5048 | Lair:2   | Noticed a skyshark
  5057 | Lair:1   | XOM: noise
  5058 | Lair:1   | XOM: confuse monster(s)
  5066 | Lair:1   | XOM: 1-stop teleportation journey
  5067 | Lair:1   | Killed a skyshark
  5084 | Lair:1   | XOM: cast spell 'Cause Fear'
  5094 | Lair:1   | XOM: noise
  5187 | Lair:2   | XOM: give mutations
  5187 | Lair:2   | Gained mutation: You are somewhat resistant to further
                  | mutation. [Xom's mischief]
  5187 | Lair:2   | Gained mutation: You are occasionally teleported next to
                  | monsters. [Xom's mischief]
  5187 | Lair:2   | Gained mutation: You occasionally lose the ability to read
                  | scrolls when taking damage. [Xom's mischief]
  5187 | Lair:2   | Lost mutation: You are somewhat resistant to further
                  | mutation. [Xom's mischief]
  5189 | Lair:2   | Lost mutation: You are agile. (Dex +4, Str/Int -1) [potion
                  | of mutation]
  5189 | Lair:2   | Lost mutation: You are robust. (+10% HP) [potion of
                  | mutation]
  5189 | Lair:2   | Gained mutation: You are agile. (Dex +4, Str/Int -1)
                  | [potion of mutation]
  5190 | Lair:2   | Lost mutation: You are occasionally teleported next to
                  | monsters. [potion of mutation]
  5190 | Lair:2   | Lost mutation: You are agile. (Dex +4, Str/Int -1) [potion
                  | of mutation]
  5190 | Lair:2   | Lost mutation: You are strong-willed. (Will+) [potion of
                  | mutation]
  5190 | Lair:2   | Gained mutation: You are occasionally teleported next to
                  | monsters. [potion of mutation]
  5191 | Lair:2   | Lost mutation: You occasionally lose the ability to read
                  | scrolls when taking damage. [potion of mutation]
  5191 | Lair:2   | Lost mutation: You are occasionally teleported next to
                  | monsters. [potion of mutation]
  5191 | Lair:2   | Gained mutation: You have hidden genetic defects. [potion
                  | of mutation]
  5191 | Lair:2   | Gained mutation: Your flesh is cold resistant. (rC+)
                  | [potion of mutation]
  5191 | Lair:2   | Lost mutation: You have hidden genetic defects. [potion of
                  | mutation]
  5191 | Lair:2   | Gained mutation: You are somewhat resistant to further
                  | mutation. [potion of mutation]
  5201 | Lair:2   | XOM: fog
  5208 | Lair:2   | Reached skill level 5 in Shields
  5252 | Lair:2   | Reached skill level 10 in Fighting
  5315 | Lair:3   | XOM: enchant monster (bad)
  5325 | Lair:3   | Found a hole to the Spider Nest.
  5325 | Lair:3   | XOM: 2-stop teleportation journey
  5334 | Lair:3   | Noticed a pharaoh ant
  5339 | Lair:3   | Killed a pharaoh ant
  5340 | Lair:3   | Reached XP level 13. HP: 114/114 MP: 18/18
  5369 | Lair:3   | Noticed a six-headed hydra
  5370 | Lair:3   | XOM: enchant monster (bad)
  5382 | Lair:3   | XOM: smoke on damage
  5383 | Lair:3   | HP: 4/114 [poisoned by a cane toad]
  5383 | Lair:3   | Mangled by a six-headed hydra

Illustrated notes

Levels and vault maps discovered:
D:1:      roderic_crossed_star, layout_loops_ring,
          hellmonk_ecumenical_altar_leap_of_faith
D:2:      layout_loops_corners, serial_bayou, serial_bayou_lagoon_a,
          serial_bayou_crossing, serial_bayou_pond_a, serial_bayou_pond_d,
          serial_bayou_pond_d, serial_bayou_lagoon_b, basic_altar
D:3:      layout_loops_cross
D:4:      layout_rooms, kennysheep_mini, minitemple, gup_sewer_entry_bowl,
          minmay_statues_item, minmay_manual_mares
D:5:      layout_rooms, nicolae_qazlal_general_emergency,
          minmay_temple_entry_trees, nicolae_ossuary_entry_ruins
D:6:      layout_loops_ring, nemelex_xobeh_ov_fountains_minmay,
          mainiacjoe_overflow_surrounded_room, uniq_crazy_yiuf_cottage
D:7:      minmay_the_grid_triangle_9x9_rhombus_thin
          [minmay_the_grid_triangle_9x9_negative_grid,
          minmay_the_grid_triangle_9x9_prize_special,
          minmay_the_grid_triangle_9x9_tough_junction,
          minmay_the_grid_triangle_9x9_zippers_vertical], layout_basic,
          mainiacjoe_overflow_paths
D:8:      layout_basic, david_lair_shrubbed, hex_medium
D:9:      layout_long_grid, erik_orc_2, minmay_pinched_square
D:10:     layout_loops_cross, muffindrake_ghost_dual_entry,
          kennysheep_generic_room_13, uniq_amaemon, uniq_sonja, uniq_fannar
Temple:   hellmonk_temple_divided_pantheon
Lair:1:   layout_concentric_octagons, grunt_megastairs_2,
          infiniplex_staircase_pool
Lair:2:   layout_big_grid, beast_lair_carwin_2, uniq_harold
Lair:3:   wander_river, layout_cave_shapes, minmay_swamp_entry_worms,
          nicolae_spider_entry_lesser_pyramids, eino_house_with_fridge

Skill      XL: |  1  2  3  4  5  6  7  8  9 10 11 12 |
---------------+-------------------------------------+-----
Long Blades    | 4 |  4.8
Dodging        | 4 5 8 |  8.1
Armour         | 2 3 4 5 7 9 10 | 10.9
Fighting       | 4 5 6 7 10 | 10.4
Ranged Weapons | 1 2 4 6 8 11 13 14 | 14.0
Shields        | 1 2 3 5 |  5.8
Translocations | 3 4 |  4.0
Spellcasting   | 3 |  3.0
Evocations     | 1 2 |  2.0
Stealth        | 1 |  1.5

Action                     |  1- 3 |  4- 6 |  7- 9 | 10-12 | 13-15 || total
---------------------------+-------+-------+-------+-------+-------++-------
  Melee: Falchion          |    67 |    13 |       |       |       ||    80
   Fire: Sling             |       |    20 |   332 |   467 |     7 ||   826
   Cast: Blink             |       |       |       |     2 |     1 ||     3
  Evoke: Wand              |       |       |       |     2 |       ||     2
         Piece from Xom's  |       |       |       |       |     1 ||     1
    Use: Scroll            |     1 |       |     8 |    10 |     1 ||    20
         Potion            |       |       |       |     3 |     1 ||     4
 Armour: Scale mail        |    36 |    13 |    60 |       |       ||   109
         Leather armour    |       |       |    33 |    53 |     4 ||    90
  Dodge: Dodged            |    23 |    22 |   186 |   184 |    11 ||   426
  Block: Buckler           |       |       |    68 |    77 |     8 ||   153
